TOP OF THE 1ST |
Los Angeles Dodgers batting - Pitching for Seattle Pilots : RHP Todd Van Poppel
|
Pitching: RHP Todd Van Poppel
|
|
Batting: RHB Shane Mack
|
0-0: Called Strike 0-1: SINGLE (Groundball, 6, EV 111.9 MPH) (infield hit)
|
Batting: RHB Keith A. Miller
|
0-0: Called Strike 0-1: Ball 1-1: Ball 2-1: Called Strike 2-2: Strikes out looking
|
Batting: LHB Ryan Klesko
|
0-0: Ball 1-0: Called Strike 1-1: Ball 2-1: Ball 3-1: Base on Balls Shane Mack to second
|
Batting: LHB Shawn Green
|
0-0: 3-RUN HOME RUN (Flyball, 89XD, EV 88.1 MPH), Distance : 398 ft
|
Batting: SHB Melvin Nieves
|
0-0: Called Strike 0-1: Ball 1-1: Foul Ball, location: 2F 1-2: Ball 2-2: Strikes out swinging
|
Batting: SHB Mickey Tettleton
|
0-0: Called Strike 0-1: Ball 1-1: Ball 2-1: Ground out 5-3 (Groundball, 5L, EV 103.1 MPH)
|
Top of the 1st over - 3 runs, 2 hits, 0 errors, 0 left on base; Los Angeles 3 - Seattle 0 |
BOTTOM OF THE 1ST |
Seattle Pilots batting - Pitching for Los Angeles Dodgers : RHP Aaron Sele
|
Pitching: RHP Aaron Sele
|
|
Batting: SHB Bip Roberts
|
0-0: Ground out 5-3 (Groundball, 56, EV 85.6 MPH)
|
Batting: RHB Dante Bichette
|
0-0: Foul Ball, location: 2F 0-1: Foul Ball, location: 2F 0-2: Ball 1-2: Ball 2-2: Fly out, F8 (Flyball, 8LD, EV 101.3 MPH)
|
Batting: LHB Ken Griffey Jr.
|
0-0: Ball 1-0: Ground out 1-3 (Groundball, 13S, EV 63.1 MPH)
|
Bottom of the 1st over - 0 runs, 0 hits, 0 errors, 0 left on base; Los Angeles 3 - Seattle 0 |
TOP OF THE 2ND |
Los Angeles Dodgers batting - Pitching for Seattle Pilots : RHP Todd Van Poppel
|
Batting: RHB Scott Fletcher
|
0-0: Ball 1-0: Foul Ball, location: 2F 1-1: Ball 2-1: Ball 3-1: Base on Balls
|
Batting: RHB Craig Worthington
|
0-0: Called Strike 0-1: Foul Ball, location: 2F 0-2: Strikes out swinging
|
Batting: SHB Denny Hocking
|
Pickoff Throw to First - Out! 1-3 0-0: Fly out, F9 (Flyball, 89M, EV 91.3 MPH)
|
Top of the 2nd over - 0 runs, 0 hits, 0 errors, 0 left on base; Los Angeles 3 - Seattle 0 |
BOTTOM OF THE 2ND |
Seattle Pilots batting - Pitching for Los Angeles Dodgers : RHP Aaron Sele
|
Batting: RHB Edgar Martinez
|
0-0: Ball 1-0: Called Strike 1-1: Foul Ball, location: 2F 1-2: Strikes out swinging
|
Batting: LHB Paul O'Neill
|
0-0: Called Strike 0-1: Ball 1-1: Ball 2-1: Ball 3-1: Fly out, F7 (Flyball, 7S, EV 88.1 MPH)
|
Batting: RHB Vinny Castilla
|
0-0: Ball 1-0: Called Strike 1-1: Swinging Strike 1-2: Ball 2-2: Strikes out swinging
|
Bottom of the 2nd over - 0 runs, 0 hits, 0 errors, 0 left on base; Los Angeles 3 - Seattle 0 |
TOP OF THE 3RD |
Los Angeles Dodgers batting - Pitching for Seattle Pilots : RHP Todd Van Poppel
|
Batting: RHB Shane Mack
|
0-0: Ground out 6-3 (Groundball, 6MS, EV 86.3 MPH)
|
Batting: RHB Keith A. Miller
|
0-0: Fly out, F8 (Flyball, 89M, EV 90.6 MPH)
|
Batting: LHB Ryan Klesko
|
0-0: Called Strike 0-1: Foul Ball, location: 2F 0-2: Ball 1-2: Strikes out swinging
|
Top of the 3rd over - 0 runs, 0 hits, 0 errors, 0 left on base; Los Angeles 3 - Seattle 0 |
BOTTOM OF THE 3RD |
Seattle Pilots batting - Pitching for Los Angeles Dodgers : RHP Aaron Sele
|
Batting: RHB Butch Huskey
|
0-0: Fly out, F8 (Flyball, 8RS, EV 88.1 MPH)
|
Batting: RHB Terry Steinbach
|
0-0: Called Strike 0-1: Foul Ball, location: 2F 0-2: Ball 1-2: Strikes out swinging
|
Batting: SHB Terry Pendleton
|
0-0: Ball 1-0: Called Strike 1-1: Ground out 5-3 (Groundball, 56, EV 78.8 MPH)
|
Bottom of the 3rd over - 0 runs, 0 hits, 0 errors, 0 left on base; Los Angeles 3 - Seattle 0 |
TOP OF THE 4TH |
Los Angeles Dodgers batting - Pitching for Seattle Pilots : RHP Todd Van Poppel
|
Batting: LHB Shawn Green
|
0-0: Called Strike 0-1: Fly out, F8 (Line Drive, 8LM, EV 99.4 MPH)
|
Batting: SHB Melvin Nieves
|
0-0: Ball 1-0: Ball 2-0: SINGLE (Groundball, 4MD, EV 99.4 MPH)
|
Batting: SHB Mickey Tettleton
|
0-0: Ball Wild Pitch! Melvin Nieves to second 1-0: Foul Ball, location: 2F 1-1: Foul Ball, location: 2F 1-2: Foul Ball, location: 2F 1-2: Strikes out swinging
|
Batting: RHB Scott Fletcher
|
0-0: Ball 1-0: Ball 2-0: DOUBLE (Line Drive, 89D, EV 100.0 MPH) Melvin Nieves scores
|
Batting: RHB Craig Worthington
|
0-0: Ball 1-0: Ball 2-0: Ball 3-0: Called Strike 3-1: Base on Balls
|
Batting: SHB Denny Hocking
|
0-0: Called Strike 0-1: Swinging Strike 0-2: Ball 1-2: Strikes out swinging
|
Top of the 4th over - 1 run, 2 hits, 0 errors, 2 left on base; Los Angeles 4 - Seattle 0 |
BOTTOM OF THE 4TH |
Seattle Pilots batting - Pitching for Los Angeles Dodgers : RHP Aaron Sele
|
Batting: SHB Bip Roberts
|
0-0: SINGLE (Groundball, 3D, EV 99.4 MPH)
|
Batting: RHB Dante Bichette
|
0-0: Fly out, F8 (Flyball, 78D, EV 98.8 MPH)
|
Batting: LHB Ken Griffey Jr.
|
0-0: SINGLE (Groundball, 34D, EV 101.9 MPH) Bip Roberts to second Runner from 2nd tries for 3rd, SAFE, throw by RF made to third
|
Batting: RHB Edgar Martinez
|
0-0: Called Strike 0-1: Fly out, F6 (Line Drive, 6, EV 71.3 MPH)
|
Batting: LHB Paul O'Neill
|
0-0: Called Strike 0-1: Foul Ball, location: 2F 0-2: Reached on error, E9 (Flyball, 89M, EV 85.0 MPH) Bip Roberts scores Ken Griffey Jr. to third
|
Batting: RHB Vinny Castilla
|
0-0: Called Strike 0-1: Swinging Strike 0-2: Foul Ball, location: 2F 0-2: Fly out, F9 (Flyball, 9, EV 86.9 MPH)
|
Bottom of the 4th over - 1 run, 2 hits, 1 error, 2 left on base; Los Angeles 4 - Seattle 1 |
TOP OF THE 5TH |
Los Angeles Dodgers batting - Pitching for Seattle Pilots : RHP Todd Van Poppel
|
Batting: RHB Shane Mack
|
0-0: Ball 1-0: Called Strike 1-1: Swinging Strike 1-2: Strikes out looking
|
Batting: RHB Keith A. Miller
|
0-0: Ball 1-0: Ball 2-0: Ball 3-0: Called Strike 3-1: Called Strike 3-2: SINGLE (Groundball, 4, EV 80.0 MPH) (infield hit)
|
Batting: LHB Ryan Klesko
|
0-0: Ball 1-0: Called Strike 1-1: Ball Keith A. Miller is caught stealing 2nd base 2-6 2-1: Called Strike 2-2: Ball 3-2: Strikes out swinging
|
Top of the 5th over - 0 runs, 1 hit, 0 errors, 0 left on base; Los Angeles 4 - Seattle 1 |
BOTTOM OF THE 5TH |
Seattle Pilots batting - Pitching for Los Angeles Dodgers : RHP Aaron Sele
|
Batting: RHB Butch Huskey
|
0-0: Foul Ball, location: 2F 0-1: Ball 1-1: Foul Ball, location: 2F 1-2: Ball 2-2: Ball 3-2: Base on Balls
|
Batting: RHB Terry Steinbach
|
Pickoff Throw to First - Error! E1 Butch Huskey to second 0-0: Ball 1-0: Foul Ball, location: 2F 1-1: Ground out 5-3 (Groundball, 56S, EV 90.6 MPH)
|
Batting: SHB Terry Pendleton
|
0-0: SINGLE (Groundball, 4MD, EV 102.5 MPH) Butch Huskey to third Runner from 3rd tries for Home, SAFE, throw by CF to home
|
Batting: SHB Bip Roberts
|
0-0: Called Strike 0-1: Called Strike 0-2: Foul Ball, location: 2F 0-2: Ball 1-2: DOUBLE (Line Drive, 7LM, EV 104.4 MPH) Terry Pendleton to third Runner from 3rd tries for Home, SAFE, no throw by LF
|
Batting: RHB Dante Bichette
|
0-0: SINGLE (Groundball, 56D, EV 108.1 MPH) Bip Roberts to third Runner from 3rd tries for Home, SAFE, throw by LF to home Dante Bichette to second
|
Batting: LHB Ken Griffey Jr.
|
0-0: Foul Ball, location: 2F 0-1: Ball 1-1: Called Strike 1-2: Foul Ball, location: 2F 1-2: Strikes out swinging
|
Batting: RHB Edgar Martinez
|
0-0: Ball 1-0: Swinging Strike 1-1: Swinging Strike 1-2: Foul Ball, location: 2F 1-2: SINGLE (Line Drive, 8LS, EV 94.4 MPH) Dante Bichette to third Runner from 3rd tries for Home, SAFE, throw by CF to home
|
Batting: LHB Paul O'Neill
|
0-0: Called Strike 0-1: SINGLE (Groundball, 34D, EV 101.9 MPH) Edgar Martinez to second Runner from 2nd tries for 3rd, SAFE, no throw by RF
|
Batting: RHB Vinny Castilla
|
0-0: Foul Ball, location: 2F 0-1: Ground out 1-3 (Groundball, 13, EV 85.6 MPH)
|
Bottom of the 5th over - 4 runs, 5 hits, 1 error, 2 left on base; Los Angeles 4 - Seattle 5 |
TOP OF THE 6TH |
Los Angeles Dodgers batting - Pitching for Seattle Pilots : RHP Todd Van Poppel
|
Batting: LHB Shawn Green
|
0-0: Ball 1-0: Ball 2-0: Called Strike 2-1: Foul Ball, location: 2F 2-2: Foul Ball, location: 2F 2-2: Strikes out swinging
|
Batting: SHB Melvin Nieves
|
0-0: Ball 1-0: Called Strike 1-1: Foul Ball, location: 2F 1-2: Fly out, F4 (Line Drive, 4, EV 70.6 MPH)
|
Batting: SHB Mickey Tettleton
|
0-0: Called Strike 0-1: Called Strike 0-2: Ball 1-2: Ball 2-2: Foul Ball, location: 2F 2-2: Strikes out swinging
|
Top of the 6th over - 0 runs, 0 hits, 0 errors, 0 left on base; Los Angeles 4 - Seattle 5 |
BOTTOM OF THE 6TH |
Seattle Pilots batting - Pitching for Los Angeles Dodgers : RHP Aaron Sele
|
Batting: RHB Butch Huskey
|
0-0: Fly out, F7 (Flyball, 78S, EV 85.0 MPH)
|
Batting: RHB Terry Steinbach
|
0-0: Called Strike 0-1: Swinging Strike 0-2: Foul Ball, location: 2F 0-2: Foul Ball, location: 2F 0-2: Strikes out swinging
|
Batting: SHB Terry Pendleton
|
0-0: Ball 1-0: Ball 2-0: Ball 3-0: Base on Balls
|
Batting: SHB Bip Roberts
|
0-0: Ball 1-0: Ball 2-0: Called Strike 2-1: Ball 3-1: Called Strike 3-2: Base on Balls Terry Pendleton to second
|
Batting: RHB Dante Bichette
|
0-0: Called Strike 0-1: Foul Ball, location: 2F 0-2: SINGLE (Line Drive, 9S, EV 103.8 MPH) Terry Pendleton to third Bip Roberts to second Runner from 3rd tries for Home, SAFE, throw by RF to home
|
Pitching: LHP Donovan Osborne
|
|
Batting: LHB Ken Griffey Jr.
|
0-0: Swinging Strike 0-1: Called Strike 0-2: Ball 1-2: Foul Ball, location: 2F 1-2: Foul Ball, location: 2F 1-2: Foul Ball, location: 2F 1-2: Strikes out swinging
|
Bottom of the 6th over - 1 run, 1 hit, 0 errors, 2 left on base; Los Angeles 4 - Seattle 6 |
TOP OF THE 7TH |
Los Angeles Dodgers batting - Pitching for Seattle Pilots : RHP Todd Van Poppel
|
Batting: RHB Scott Fletcher
|
0-0: Ground out 6-3 (Groundball, 4M, EV 85.6 MPH)
|
Batting: RHB Craig Worthington
|
0-0: Ball 1-0: Ball 2-0: Foul Ball, location: 2F 2-1: Ground out 5-3 (Groundball, 56, EV 85.0 MPH)
|
Batting: SHB Denny Hocking
|
0-0: Foul Ball, location: 2F 0-1: Foul Ball, location: 2F 0-2: Ball 1-2: Strikes out swinging
|
Top of the 7th over - 0 runs, 0 hits, 0 errors, 0 left on base; Los Angeles 4 - Seattle 6 |
BOTTOM OF THE 7TH |
Seattle Pilots batting - Pitching for Los Angeles Dodgers : LHP Donovan Osborne
|
Batting: RHB Edgar Martinez
|
0-0: Ball 1-0: Called Strike 1-1: Ball 2-1: Foul Ball, location: 2F 2-2: Foul Ball, location: 2F 2-2: Ball 3-2: Base on Balls
|
Batting: LHB Paul O'Neill
|
0-0: Ball 1-0: Swinging Strike 1-1: Called Strike 1-2: Strikes out looking
|
Batting: RHB Vinny Castilla
|
0-0: Ball 1-0: SINGLE (Line Drive, 7LS, EV 105.0 MPH) Edgar Martinez to second
|
Batting: RHB Butch Huskey
|
0-0: Grounds into double play, 4-6-3 (Groundball, 4, EV 105.0 MPH)
|
Bottom of the 7th over - 0 runs, 1 hit, 0 errors, 1 left on base; Los Angeles 4 - Seattle 6 |
TOP OF THE 8TH |
Los Angeles Dodgers batting - Pitching for Seattle Pilots : RHP Todd Van Poppel
|
Pitching: RHP Darren Holmes
|
|
Batting: RHB Shane Mack
|
0-0: Ball 1-0: Foul Ball, location: 2F 1-1: Ball 2-1: Foul Ball, location: 2F 2-2: Ball 3-2: SINGLE (Flyball, 3D, EV 95.0 MPH)
|
Batting: RHB Keith A. Miller
|
0-0: Ball 1-0: Ball 2-0: Ball 3-0: Base on Balls Shane Mack to second
|
Batting: LHB Ryan Klesko
|
0-0: Foul Ball, location: 2F 0-1: Called Strike 0-2: Ball 1-2: Foul Ball, location: 2F 1-2: Foul Ball, location: 2F 1-2: Ball 2-2: Ball 3-2: Base on Balls Shane Mack to third Keith A. Miller to second
|
Pitching: RHP Mike Henneman
|
|
Batting: LHB Shawn Green
|
0-0: Called Strike 0-1: Swinging Strike 0-2: Ball 1-2: Ball 2-2: Ball 3-2: Strikes out swinging
|
Batting: SHB Melvin Nieves
|
0-0: Called Strike 0-1: Ball 1-1: Ball 2-1: Ball 3-1: Base on Balls Shane Mack scores Keith A. Miller to third Ryan Klesko to second
|
Batting: SHB Mickey Tettleton
|
0-0: Ball 1-0: Ball 2-0: Called Strike 2-1: Foul Ball, location: 2F 2-2: Strikes out swinging
|
Batting: RHB Scott Fletcher
|
0-0: Called Strike 0-1: Ball 1-1: Foul Ball, location: 2F 1-2: Ball 2-2: Ball 3-2: Foul Ball, location: 2F 3-2: Base on Balls Keith A. Miller scores Ryan Klesko to third Melvin Nieves to second
|
Batting: RHB Craig Worthington
|
0-0: Ground out 2-3 (Groundball, 2L, EV 75.6 MPH)
|
Top of the 8th over - 2 runs, 1 hit, 0 errors, 3 left on base; Los Angeles 6 - Seattle 6 |
BOTTOM OF THE 8TH |
Seattle Pilots batting - Pitching for Los Angeles Dodgers : LHP Donovan Osborne
|
Pitching: RHP Jerry DiPoto
|
|
Batting: RHB Terry Steinbach
|
0-0: Ball 1-0: Ball 2-0: Called Strike 2-1: DOUBLE (Flyball, 8RXD, EV 87.5 MPH)
|
Batting: SHB Terry Pendleton
|
0-0: Ball 1-0: Fly out, F7 (Line Drive, 7D, EV 87.5 MPH) Runner from 2nd tags up, SAFE at 3rd, no throw by LF
|
Batting: SHB Bip Roberts
|
0-0: SINGLE (Groundball, 4D, EV 104.4 MPH) Terry Steinbach scores
|
Batting: RHB Dante Bichette
|
0-0: 2-RUN HOME RUN (Flyball, 7LD, EV 103.1 MPH), Distance : 358 ft
|
Batting: LHB Ken Griffey Jr.
|
0-0: Ball 1-0: Fly out, F8 (Flyball, 8RM, EV 87.5 MPH)
|
Batting: RHB Edgar Martinez
|
0-0: Ball 1-0: Swinging Strike 1-1: Fly out, F8 (Line Drive, 8RM, EV 93.8 MPH)
|
Bottom of the 8th over - 3 runs, 3 hits, 0 errors, 0 left on base; Los Angeles 6 - Seattle 9 |
TOP OF THE 9TH |
Los Angeles Dodgers batting - Pitching for Seattle Pilots : RHP Mike Henneman
|
Pitching: LHP Alan Embree
|
|
Batting: SHB Denny Hocking
|
0-0: Ball 1-0: Ball 2-0: Ball 3-0: Base on Balls
|
Batting: RHB Shane Mack
|
0-0: Ball 1-0: Ball 2-0: Called Strike 2-1: Swinging Strike 2-2: Foul Ball, location: 2F 2-2: Strikes out swinging
|
Batting: RHB Keith A. Miller
|
0-0: Ball 1-0: Ball 2-0: Foul Ball, location: 2F 2-1: Ball 3-1: Base on Balls Denny Hocking to second
|
Batting: LHB Ryan Klesko
|
0-0: Ball 1-0: Called Strike 1-1: Called Strike 1-2: Foul Ball, location: 2F 1-2: Ball 2-2: Ball 3-2: DOUBLE (Line Drive, 5D, EV 97.5 MPH) Denny Hocking scores Keith A. Miller to third
|
Batting: LHB Shawn Green
|
0-0: Swinging Strike 0-1: Foul Ball, location: 2F 0-2: Ball 1-2: Foul Ball, location: 2F 1-2: Strikes out swinging
|
Batting: SHB Melvin Nieves
|
0-0: Foul Ball, location: 2F 0-1: Foul Ball, location: 2F 0-2: Strikes out looking
|
Top of the 9th over - 1 run, 1 hit, 0 errors, 2 left on base; Los Angeles 7 - Seattle 9 |
|